 Dungeon Crawl Stone Soup version 0.28.0-53-g5a82cb258f (webtiles) character file.

Game seed: 12625367859209417857

86 PrismaticFulminator the Vexing (level 4, -1/24 HPs)
             Began as a Deep Elf Conjurer on June 21, 2022.
             Slain by a bullfrog (4 damage)
             ... in a sewer.
             The game lasted 00:12:29 (2031 turns).

PrismaticFulminator the Vexing (Deep Elf Conjurer)  Turns: 2031, Time: 00:12:30

Health: -1/24      AC:  2    Str:  4    XL:     4   Next: 27%
Magic:  8/10       EV: 12    Int: 25    God:
Gold:   46         SH:  0    Dex: 13    Spells: 2/9 levels left

rFire   . . .      SeeInvis +   (no weapon)
rCold   . . .      Faith    .   (no shield)
rNeg    . . .      Spirit   .   a - +0 robe
rPois   .          Reflect  .   (no helmet)
rElec   .          Harm     .   (no cloak)
rCorr   .          Rampage  .   (no gloves)
Will    .....                   (no boots)
Stlth   ++........              (no amulet)
HPRegen 0.08/turn               j - ring of see invisible
MPRegen 0.12/turn               (no ring)

@: mighty, very slightly contaminated
A: no striking features
a: no special abilities


You were in a sewer.
You visited 1 branch of the dungeon, and saw 3 of its levels.
You also visited: Sewer.

You collected 46 gold pieces.

Inventory:

Armour
 a - a +0 robe (worn)
 d - a +0 leather armour
Jewellery
 j - a ring of see invisible (left hand)
Scrolls
 b - a scroll of silence
 c - a scroll of torment
 e - a scroll of vulnerability {unknown}
 h - a scroll of noise {unknown}
 k - a scroll of teleportation {unknown}


   Skills:
 + Level 0.5 Fighting
 - Level 2.4 Dodging
 - Level 2.4 Stealth
 - Level 3.0 Spellcasting
 - Level 4.5 Conjurations
 * Level 4.9 Hexes


You had 2 spell levels left.
You knew the following spells:

 Your Spells              Type           Power      Damage    Failure   Level
a - Magic Dart            Conj           100%       1d8       1%          1
b - Blink                 Tloc           6%         N/A       16%         2
c - Fulminant Prism       Conj/Hex       13%        3d9       14%         4

Your spell library contained the following spells:

 Spells                   Type           Power      Damage    Failure   Level
 Searing Ray              Conj           52%        2d6       2%          2
 Dazzling Flash           Conj/Hex       54%        N/A       4%          3
 Lesser Beckoning         Tloc           3%         N/A       30%         3
 Iskenderun's Mystic Bla  Conj/Tloc      15%        2d5       36%         4
 Manifold Assault         Tloc           3%         N/A       95%         5


Dungeon Overview and Level Annotations

Branches:
Dungeon (3/15)              Sewer (1/1)

Altars:


Message History

Here: a bullfrog Some shallow water.
Unknown command.
It was a potion of might.
You feel very mighty all of a sudden.
It was a potion of ambrosia.
You are confused.
You feel invigorated. The bullfrog hits you! The bullfrog misses you.
You aren't carrying any potions.
Unknown command.
You are too confused!
Unknown command.
The bullfrog completely misses you. The bullfrog hits you.
The bullfrog barely misses you.
A frilled lizard comes into view.
A bullfrog comes into view.
The bullfrog closely misses you.
The frilled lizard hisses angrily.
The bullfrog barely misses you. The bullfrog closely misses you.
The bullfrog croaks.
The bullfrog hits you.
You feel less invigorated.
You feel less confused. The bullfrog hits you.
A frilled lizard comes into view.
The bullfrog misses you. The bullfrog hits you!
The bullfrog closely misses you. x2
Casting: Fulminant Prism (extremely dangerous; 14% risk of failure)
Confirm with . or Enter, or press ? or * to list all spells.
Okay, then.
Casting: Fulminant Prism (extremely dangerous; 14% risk of failure)
Confirm with . or Enter, or press ? or * to list all spells.
You miscast Blink.
You are very lightly contaminated with residual magic.
Nothing appears to happen.
The frilled lizard hisses angrily.
The bullfrog barely misses you. The bullfrog hits you.
* * * LOW HITPOINT WARNING * * *
The bullfrog hits you.
You die...

#.≈≈≈≈≈≈≈≈
#.≈≈≈≈≈≈≈≈≈≈≈≈≈≈
#.≈≈≈.≈≈≈≈≈≈≈≈≈#
#.≈≈≈.≈≈≈l≈≈≈≈########
#.≈≈≈≈..≈≈≈≈≈≈≈≈≈r.≈≈.
#.≈≈≈≈≈≈≈≈≈≈≈≈≈≈≈≈≈≈≈≈
#.≈≈≈≈≈≈≈≈≈≈≈≈≈≈≈≈≈≈≈≈
#..≈≈≈≈≈≈≈†F≈≈≈≈≈≈≈≈≈≈
##......≈≈≈F@≈l.†.....
#####################


You could see 2 bullfrogs, a quokka and 2 frilled lizards.

Vanquished Creatures
  A river rat (D:3)
  3 adders (Sewer)
  3 bats (D:1)
  3 endoplasms (D:1)
  6 giant cockroaches
  4 hobgoblins
  4 jackals (D:1)
  A kobold (D:1)
  5 quokkas
  A ball python (Sewer)
  5 frilled lizards
  5 goblins (D:1)
  5 rats
46 creatures vanquished.

Vanquished Creatures (others)
  2 fulminant prisms (Sewer)
2 creatures vanquished.

Grand Total: 48 creatures vanquished

Notes
Turn   | Place    | Note
-------+----------+-------------------------------------------
     0 | D:1      | PrismaticFulminator the Deep Elf Conjurer began the quest
                  | for the Orb.
     0 | D:1      | Reached XP level 1. HP: 10/10 MP: 6/6
    76 | D:1      | Reached skill level 1 in Hexes
   158 | D:1      | Reached XP level 2. HP: 15/15 MP: 1/8
   428 | D:1      | Learned a level 2 spell: Blink
   811 | D:1      | Found a faded altar of an unknown god.
  1102 | D:1      | Reached XP level 3. HP: 19/19 MP: 5/9
  1705 | D:3      | Found a glowing drain.
  1709 | Sewer    | Entered a sewer
  1989 | Sewer    | Reached XP level 4. HP: 24/24 MP: 8/10
  1994 | Sewer    | Learned a level 4 spell: Fulminant Prism
  2020 | Sewer    | Noticed a bullfrog
  2026 | Sewer    | Noticed a bullfrog
  2031 | Sewer    | Slain by a bullfrog

Illustrated notes

Levels and vault maps discovered:
D:1:      dpeg_arrival_arbitrary_c, layout_basic,
          chequers_ecumenical_altar_simple_redux
D:2:      layout_rooms
D:3:      layout_loops_ring, gup_sewer_entry_bowl
Sewer:    sewer_frog_island_01

Skill      XL: |  1  2  3 |
---------------+----------+-----
Hexes          | 2 3 4 |  4.9
Fighting       | |  0.5
Dodging        | |  2.4
Stealth        | |  2.4
Spellcasting   | |  3.0
Conjurations   | |  4.5

Action                   |  1- 3 |  4- 6 || total
-------------------------+-------+-------++-------
 Cast: Magic Dart        |    85 |       ||    85
       Fulminant Prism   |       |     2 ||     2
  Use: Scroll            |     3 |       ||     3
       Potion            |     1 |     3 ||     4
Armor: Robe              |     1 |     1 ||     2
Dodge: Dodged            |    10 |    11 ||    21
